 Dungeon Crawl Stone Soup version 0.29.1-15-g9cfb28693d (webtiles) character file.

Game seed: 2132237657865030585

13529 cowcol the Severer (level 11, -6/97 HPs)
             Began as a Minotaur Fighter on Feb 23, 2023.
             Was a Believer of Okawaru.
             Mangled by an ice devil (20 damage)
             ... on level 11 of the Dungeon.
             The game lasted 00:44:06 (13892 turns).

cowcol the Severer (Minotaur Fighter)              Turns: 13892, Time: 00:44:07

Health: -6/97      AC: 30    Str: 31    XL:     11   Next: 76%
Magic:  8/10       EV: 10    Int:  5    God:    Okawaru [**....]
Gold:   615        SH:  8    Dex: 13    Spells: 10/10 levels left

rFire   + . .      SeeInvis .   u - +2 broad axe
rCold   . . .      Faith    .   c - +2 buckler
rNeg    . . .      Spirit   .   R - +0 plate armour
rPois   .          Reflect  .   P - +2 hat
rElec   +          Harm     .   k - +2 cloak
rCorr   +          Rampage  .   b - +1 pair of gloves {Str+3}
Will    .....                   K - +2 pair of boots
Stlth   ..........              (no amulet)
HPRegen 0.26/turn               A - ring of the Hippo {rElec rF+ rCorr}
MPRegen 0.12/turn               M - +6 ring of strength

@: mighty, heroic
A: horns 2, retaliatory headbutt
a: Renounce Religion, Heroism


You were on level 11 of the Dungeon.
You worshipped Okawaru.
Okawaru was pleased with you.
You visited 2 branches of the dungeon, and saw 12 of its levels.
You also visited: Sewer.

You collected 615 gold pieces.

Inventory:

Hand Weapons
 a - a +1 war axe
 u - a +2 broad axe (weapon)
 v - a +2 war axe of venom
Missiles
 t - 15 stones
 x - 6 boomerangs
 B - 14 poisoned darts (quivered)
 C - a throwing net
Armour
 b - a +1 pair of gloves of strength (worn)
 c - a +2 buckler (worn)
 k - a +2 cloak (worn)
 o - a +1 chain mail
 y - a +2 pair of gloves
 J - +0 steam dragon scales
 K - a +2 pair of boots (worn)
 N - +0 acid dragon scales
 P - a +2 hat (worn)
 R - a +0 plate armour (worn)
Jewellery
 h - a +4 ring of evasion
 i - a ring of fire
 p - a +6 ring of intelligence
 q - a ring of ice
 z - a +4 ring of protection
 A - the ring of the Hippo (left hand) {rElec rF+ rCorr}
   (You found it on level 4 of the Dungeon)

   [ring of resist corrosion]

   rF:        It protects you from fire.
   rElec:     It insulates you from electricity.
   rCorr:     It protects you from acid and corrosion.
 L - an amulet of faith
 M - a +6 ring of strength (right hand)
Wands
 E - a wand of flame (4)
 F - a wand of roots (11)
Scrolls
 j - 2 scrolls of teleportation
 l - a scroll of identify
 m - a scroll of vulnerability
 n - 4 scrolls of fear
 r - 2 scrolls of enchant weapon
 s - 3 scrolls of fog
 D - a scroll of torment
 I - a scroll of silence
Potions
 d - 2 potions of might
 e - 2 potions of lignification
 f - 4 potions of curing
 g - a potion of brilliance {unknown}
 w - 2 potions of resistance
 G - a potion of haste {unknown}
 H - a potion of ambrosia {unknown}


   Skills:
 + Level 9.2(14.2) Fighting
 * Level 17.0(22.0) Axes
 + Level 3.4(8.4) Throwing
 - Level 12.0(17.0) Armour
 - Level 3.6(8.6) Shields
 + Level 0.9 Invocations
 + Level 0.4 Evocations


You had 10 spell levels left.
You didn't know any spells.
Your spell library contained the following spells:

 Spells                   Type           Power      Damage    Failure   Level
 Ensorcelled Hibernation  Hex/Ice        0%         N/A       99%         2
 Passwall                 Tmut/Erth      0%         N/A       99%         2
 Scorch                   Fire           0%         2d5       99%         2
 Frozen Ramparts          Ice            0%         1d1       100%        3
 Swiftness                Air            0%         N/A       100%        3
 Flame Wave               Conj/Fire      0%         2d4       100%        4
 Ice Form                 Ice/Tmut       0%         N/A       100%        4
 Summon Ice Beast         Ice/Summ       Unusable   N/A       N/A         4
 Summon Cactus Giant      Summ           Unusable   N/A       N/A         6

Dungeon Overview and Level Annotations

Branches:
Dungeon (11/15)            Temple (1/1) D:4            Lair (0/5) D:9
    Orc (0/2) D:10          Sewer (visited)

Altars:
Ashenzari
Cheibriados
Dithmenos
Elyvilon
Fedhas
Gozag
Hepliaklqana
Kikubaaqudgha
Makhleb
Nemelex Xobeh
Okawaru
Qazlal
Ru
Sif Muna
Trog
Uskayaw
Vehumet
Wu Jian
Xom
Yredelemnul
Zin
The Shining One

Shops:
D:3 :   D:10 (

Portals:
Ice
Cave: D:11

Annotations:
D:9 2 runed translucent doors, exclusion: orange crystal statue


Innate Abilities, Weirdness & Mutations

You have a pair of horns on your head.
You reflexively headbutt those who attack you in melee.


Message History

Found 3 stones.
Your +2 war axe of venom stops dripping with poison.
u - a +2 broad axe (weapon)
You open the door.
An ice devil comes into view.
Found a frozen archway.
There is an open door here.
An ice devil comes into view.
The ice devil hits you but does no damage.
You hit the ice devil but do no damage. The ice devil hits you.
The ice devil freezes you!
You hit the ice devil but do no damage.
You headbutt the ice devil, but do no damage.
You hit the ice devil but do no damage. You headbutt the ice devil.
The ice devil is lightly wounded.
You block the ice devil's attack.
You hit the ice devil but do no damage.
You headbutt the ice devil, but do no damage.
The ice devil is lightly wounded.
The ice devil hits you. The ice devil freezes you!!
* * * LOW HITPOINT WARNING * * *
You hit the ice devil. Your headbutt misses the ice devil.
The ice devil is lightly wounded.
The ice devil hits you!
* * * LOW HITPOINT WARNING * * *
The ice devil freezes you!
* * * LOW HITPOINT WARNING * * *
You slash the ice devil! You headbutt the ice devil.
The ice devil is moderately wounded.
The ice devil barely misses you.
You feel better.
You hear the faint crackling of a melting archway.
The ice devil hits you but does no damage.
You feel very mighty all of a sudden. The ice devil barely misses you.
You gain the combat prowess of a mighty hero.
The ice devil hits you.
* * * LOW HITPOINT WARNING * * *
The ice devil freezes you!!
You die...

,* #.#*,* *,,*
>* #.#*,* ****
,*
#.#*,*#######
,*
#.#*,*#..∩..#
,*
#..,,*#.....#
,*
###****.....*
,* *,.4.,* ,***
**#4#** ,,,*
##@## **,*
#...# *,*
#'#+## *,*
#....# *,*
##### ###...###
*,*
#...###......^#
*,*
#.............#
*,*
#†[.###.......#
*,* ##†##
##....###


You could see 2 ice devils.

Vanquished Creatures
  Gastronok (D:9)
  A boulder beetle (D:11)
  A two-headed ogre (D:10)
  A tengu warrior (D:11)
  4 skeletal warriors
  A komodo dragon (D:9)
  Maggie (D:9)
  A hornet (D:10)
  A shadow (D:11)
  A vampire (D:9)
  A wraith (D:9)
  16 yaks
  A steam dragon (D:9)
  Menkaure (D:6)
  5 acid dragons
  A water moccasin (D:8)
  8 orc warriors
  4 sky beasts
  An ogre (D:7)
  2 ice beasts
  2 black bears (D:9)
  4 centaurs
  A phantom (D:5)
  A kobold brigand (D:8)
  3 bullfrogs
  2 scorpions
  2 necrophages (D:6)
  A gnoll sergeant (D:5)
  4 wights (D:8)
  10 killer bees (D:8)
  3 howler monkeys
  An orc priest (D:7)
  6 hounds
  2 gnoll boudas
  A jelly (D:6)
  4 iguanas
  Terence (D:3)
  8 orc wizards
  13 adders
  8 gnolls
  A white imp (D:6)
  2 ufetubi (D:4)
  2 dart slugs
  26 orcs
  19 ball pythons
  18 endoplasms
  11 giant cockroaches
  9 goblins
  10 hobgoblins
  3 jackals (D:2)
  10 quokkas
  10 bats
  13 frilled lizards
  14 kobolds
  8 rats
286 creatures vanquished.

Vanquished Creatures (others)
  8 fungi (D:9)
  22 plants (D:9)
30 creatures vanquished.

Grand Total: 316 creatures vanquished

Notes
Turn   | Place    | Note
-------+----------+-------------------------------------------
     0 | D:1      | cowcol the Minotaur Fighter began the quest for the Orb.
     0 | D:1      | Reached XP level 1. HP: 19/19 MP: 0/0
   272 | D:1      | Reached XP level 2. HP: 25/27 MP: 1/1
   416 | D:1      | Reached skill level 3 in Axes
   641 | D:1      | Reached XP level 3. HP: 31/33 MP: 2/2
  1122 | D:2      | Found an ornate altar of the Wu Jian Council.
  1467 | D:2      | Reached skill level 4 in Axes
  1467 | D:2      | Reached XP level 4. HP: 40/40 MP: 3/3
  2238 | D:3      | Found a sacrificial altar of Ru.
  2238 | D:3      | Found a shadowy altar of Dithmenos.
  2254 | D:3      | Found an ancient bone altar of Kikubaaqudgha.
  2265 | D:3      | Noticed Terence
  2271 | D:3      | Killed Terence
  2272 | D:3      | Reached skill level 5 in Axes
  2272 | D:3      | Reached XP level 5. HP: 46/46 MP: 4/4
  2415 | D:3      | Reached skill level 5 in Armour
  2535 | D:3      | Found a faded altar of an unknown god.
  2629 | D:3      | Found Zap Usi's Book Shoppe.
  2798 | D:3      | Found a hide-covered altar of Uskayaw.
  3082 | D:4      | Found a glowing drain.
  3096 | Sewer    | Entered a sewer
  3193 | Sewer    | Reached skill level 6 in Axes
  3229 | Sewer    | Reached XP level 6. HP: 44/53 MP: 5/5
  3418 | Sewer    | Reached skill level 7 in Axes
  3608 | D:4      | Found a staircase to the Ecumenical Temple.
  3633 | D:4      | Identified the ring of the Hippo {rElec rF+ rCorr}
  3668 | Temple   | Entered the Ecumenical Temple
  3992 | D:4      | Reached XP level 7. HP: 57/60 MP: 6/6
  4200 | D:5      | Entered Level 5 of the Dungeon
  4354 | D:5      | Reached skill level 8 in Axes
  4561 | D:6      | Noticed Menkaure
  4565 | D:6      | Killed Menkaure
  4566 | D:6      | Reached skill level 5 in Fighting
  4582 | D:6      | Reached skill level 9 in Axes
  4595 | D:6      | Found a glowing golden altar of the Shining One.
  4707 | D:6      | Reached XP level 8. HP: 46/68 MP: 7/7
  5547 | D:6      | Found a sparkling altar of Nemelex Xobeh.
  5547 | D:6      | Found a shimmering altar of Xom.
  5555 | D:6      | Found an ornate altar of the Wu Jian Council.
  5557 | D:6      | Found a faded altar of an unknown god.
  5559 | D:6      | Found a blossoming altar of Fedhas.
  5762 | D:6      | Reached skill level 10 in Axes
  6262 | D:7      | Reached skill level 11 in Axes
  6879 | D:8      | Reached skill level 1 in Throwing
  6879 | D:8      | Reached XP level 9. HP: 68/74 MP: 8/8
  6994 | D:8      | Reached skill level 12 in Axes
  7079 | D:8      | Found a bloodstained altar of Trog.
  7870 | D:8      | Reached skill level 13 in Axes
  7898 | D:8      | Reached XP level 10. HP: 67/84 MP: 9/9
  7909 | D:8      | Reached skill level 14 in Axes
  8311 | D:9      | Noticed Maggie
  8320 | D:9      | Killed Maggie
  8361 | D:9      | Found a burning altar of Makhleb.
  8998 | D:9      | Found a runed translucent door.
  9017 | D:9      | Found a runed translucent door.
  9028 | D:9      | Found a runed translucent door.
  9035 | D:9      | Reached skill level 10 in Armour
  9071 | D:9      | Found a runed translucent door.
  9078 | D:9      | Noticed an orange crystal statue
  9120 | D:9      | Reached skill level 15 in Axes
 10099 | D:9      | Noticed Gastronok
 10115 | D:9      | Killed Gastronok
 10372 | D:9      | Found a staircase to the Lair.
 10381 | D:9      | Reached XP level 11. HP: 90/92 MP: 10/10
 10919 | D:10     | Entered Level 10 of the Dungeon
 11252 | D:9      | Reached skill level 16 in Axes
 11564 | D:10     | Found a staircase to the Orcish Mines.
 11564 | D:10     | Found Qelao's Weapon Shoppe.
 11635 | D:10     | Found an iron altar of Okawaru.
 11643 | D:10     | Became a worshipper of Warmaster Okawaru
 11836 | D:10     | Noticed a skeletal warrior
 11837 | D:10     | Noticed a skeletal warrior
 11876 | D:10     | Killed a skeletal warrior
 12143 | D:10     | Noticed a skeletal warrior
 12212 | D:9      | Killed a skeletal warrior
 12681 | D:10     | Paralysed by a hornet for 2 turns
 12693 | D:10     | Reached * piety under Okawaru
 13113 | D:10     | Noticed a skeletal warrior
 13122 | D:10     | Killed a skeletal warrior
 13336 | D:10     | Killed a skeletal warrior
 13656 | D:10     | Noticed a two-headed ogre
 13665 | D:10     | Killed a two-headed ogre
 13665 | D:10     | Reached ** piety under Okawaru
 13783 | D:11     | Noticed an eight-headed hydra
 13806 | D:11     | Noticed a boulder beetle
 13836 | D:11     | Killed a boulder beetle
 13853 | D:11     | Noticed a tengu warrior
 13866 | D:11     | Killed a tengu warrior
 13867 | D:11     | Reached skill level 17 in Axes
 13881 | D:11     | Found a frozen archway.
 13892 | D:11     | Mangled by an ice devil

Illustrated notes

Levels and vault maps discovered:
D:1:      matt_arrival_grand_opening, layout_loops_ring,
          kennysheep_another_room, minmay_door_square, kennysheep_pointless_box
D:2:      minmay_skewed_foursquare, layout_rooms, serial_rivers,
          chequers_serial_rivers_micro_c, chequers_serial_rivers_small_3,
          chequers_serial_rivers_micro_d, chequers_serial_rivers_small_b,
          chequers_serial_rivers_micro_a, basic_altar, minivault_4
D:3:      layout_rooms, mainiacjoe_overflow_24_doors,
          gammafunk_temple_overflow_statue, mainiacjoe_overflow_tiny_flanked,
          ebering_ecumenical_altar_petrified, serial_shops,
          nicolae_lakefront_shop, wad_rectangle_vault, uniq_terence
D:4:      layout_rooms, minmay_temple_entry_sparse_star,
          cheibrodos_sewer_entry_drain
D:5:      layout_rooms, serial_shops, kennysheep_mini_moat,
          minmay_misc_feat_columns, chequers_serial_rivers_large_a
D:6:      layout_basic, chequers_temple_overflow_minitemple,
          mainiacjoe_overflow_alcove_1, st_stairs_7, corexii_leaking_fountain,
          uniq_menkaure
D:7:      layout_gridville
D:8:      layout_basic, trog_three_pillars_becter, st_stairs_1
D:9:      layout_loops_corners, mainiacjoe_overflow_chevrons,
          grunt_lair_entry_orc_guard_hut, minmay_statue_crystal_thing,
          uniq_gastronok, uniq_maggie
D:10:     layout_gridville, kennysheep_okawaru_gauntlet, orc_david_3
D:11:     layout_loops_ring, portal_ice_cave_demonic_guard
Temple:   jpeg_temple_alley_garden

Skill      XL: |  1  2  3  4  5  6  7  8  9 10 11 |
---------------+----------------------------------+-----
Armour         | 4 5 6 8 9 11 12 | 12.0
Axes           | 3 4 5 6 7 9 11 13 15 17 | 17.0
Fighting       | 4 5 6 7 9 |  9.2
Throwing       | 1 3 |  3.4
Shields        | |  3.6
Invocations    | |  0.9
Evocations     | |  0.4

Action                   |  1- 3 |  4- 6 |  7- 9 | 10-12 || total
-------------------------+-------+-------+-------+-------++-------
Melee: War axe           |    95 |   164 |   248 |   247 ||   754
       Headbutt          |    10 |    23 |    37 |    67 ||   137
       Broad axe         |       |       |       |     6 ||     6
Throw: Boomerang         |       |     4 |     5 |    15 ||    24
       Dart              |       |       |       |     3 ||     3
Invok: Heroism           |       |       |       |     4 ||     4
Evoke: Wand              |       |       |       |     2 ||     2
  Use: Scroll            |     2 |     3 |    11 |     8 ||    24
       Potion            |       |       |     2 |     7 ||     9
Armor: Scale mail        |    51 |     3 |       |       ||    54
       Chain mail        |       |   104 |   148 |    74 ||   326
       Plate armour      |       |       |       |    95 ||    95
Dodge: Dodged            |    55 |   117 |    74 |    68 ||   314
Block: Buckler           |    20 |    32 |    62 |    65 ||   179
